 Dungeon Crawl Stone Soup version bcrawl-1.27.6 (webtiles) character file.

Game seed: 15466113100581775174

228663 Faustar the Skirmisher (level 6, 0/62 HPs)
             Began as a Deep Dwarf Fighter on Sept 27, 2020.
             Was an Initiate of Makhleb.
             Slain by a phantom (1 damage)
             ... on level 4 of the Dungeon.
             The game lasted 00:09:28 (2932 turns).

Faustar the Skirmisher (Deep Dwarf Fighter)         Turns: 2932, Time: 00:09:28

Health: 0/62       AC: 12    Str: 21 (22) XL:     6   Next: 95%
Magic:  6/6        EV:  9    Int:  6 (8)  God:    Makhleb [......]
Gold:   259        SH:  0    Dex: 12      Spells: 5/5 levels left

rFire    . . .     SeeInvis .   a - +0 war axe
rCold    . . .     Gourm    .   (no shield)
rNeg     . . .     Faith    .   b - +0 scale mail
rPois    .         Spirit   .   q - +1 helmet
rElec    .         Reflect  .   (no cloak)
rCorr    .         Harm     .   (no gloves)
MR       .....                  i - +2 pair of boots
Stlth    ..........             (no amulet)
HPRegen  0.00/turn              (no ring)
MPRegen  0.10/turn              (no ring)

@: non-regenerating
A: damage resistance, sense surroundings 1, no regeneration
a: Renounce Religion


You were on level 4 of the Dungeon.
You worshipped Makhleb.
Makhleb was noncommittal.
You were hungry.

You visited 1 branch of the dungeon, and saw 5 of its levels.

You collected 259 gold pieces.

Inventory:

Hand Weapons
 a - a +0 war axe (weapon)
Armour
 b - a +0 scale mail (worn)
 c - a +0 medium shield
 i - a +2 pair of boots (worn)
 q - a +1 helmet (worn)
Scrolls
 g - 2 scrolls of teleportation {unknown}
 k - a scroll of enchant weapon {unknown}
 n - a scroll of enchant armour {unknown}
 o - 2 scrolls of identify
 s - a scroll of remove curse {unknown}
 t - 2 scrolls of fear {unknown}
 v - 2 scrolls of immolation {unknown}
Potions
 h - a potion of cancellation
 m - a potion of resistance
 r - 2 potions of magic
 u - a potion of curing
Comestibles
 e - 6 rations {!d}
 p - 6 chunks of flesh


   Skills:
 + Level 6.0 Fighting
 + Level 6.0 Axes
 - Level 3.2 Armour
 - Level 3.2 Shields


You had 5 spell levels left.
You didn't know any spells.
Your spell library was empty.

Dungeon Overview and Level Annotations

Branches:
Dungeon (5/12)
 Temple: D:4-7

Altars:
Cheibriados
Lugonu
Makhleb
Sif Muna
The Shining One

Annotations:
D:2 1 runed door


Innate Abilities, Weirdness & Mutations

You are resistant to damage.
You passively map a small area around you.
You do not regenerate.


Message History

You closely miss the phantom.
The phantom hits you but does no damage. x2
You slash the phantom!
The phantom is moderately damaged.
The phantom closely misses you.
You hit the phantom.
The phantom is moderately damaged.
The phantom hits you but does no damage.
You miss the phantom.
The phantom is moderately damaged.
The phantom hits you.
* * * LOW HITPOINT WARNING * * *
You closely miss the phantom.
The phantom is moderately damaged.
The phantom hits you.
You slash the phantom!
The phantom is heavily damaged.
The phantom hits you but does no damage.
The phantom hits you.
You die...

#####......##.#
........)####.#####
.............>....#
......##...##.###.#
................#.#
$..#..###..#.#..#.#
.W.#.........#....#
#####.###...[...#####
#....<........@W..#
##.#..#.....#.###.# ,
#.##.#####.# *.#
#..........# .# 8
,####.####### *## *
#.# , #.# , * #.# **
, (.# *


You could see a phantom.

Vanquished Creatures
  Eustachio (D:4)
  A scorpion (D:3)
  A hound (D:4)
  2 orc wizards
  An iguana (D:4)
  A worker ant (D:4)
  7 gnolls
  2 adders
  An ooze (D:3)
  2 worms
  2 dart slugs
  5 leopard geckos
  2 orcs (D:3)
  4 giant cockroaches
  6 goblins
  9 hobgoblins
  7 jackals
  8 kobolds
  3 quokkas
  8 bats
  3 frilled lizards
  A jackal skeleton (D:4)
  3 rats
80 creatures vanquished.

Notes
Turn   | Place    | Note
-------+----------+-------------------------------------------
     0 | D:1      | Faustar the Deep Dwarf Fighter began the quest for the Orb.
     0 | D:1      | Reached XP level 1. HP: 21/21 MP: 1/1
   110 | D:1      | Reached XP level 2. HP: 20/28 MP: 2/2
   298 | D:1      | Reached XP level 3. HP: 24/34 MP: 3/3
   380 | D:1      | Reached ** piety under Elyvilon
   909 | D:2      | Found a runed door.
  1092 | D:2      | Reached XP level 4. HP: 9/44 MP: 4/4
  1363 | D:2      | Found a burning altar of Makhleb.
  1365 | D:2      | Found a corrupted altar of Lugonu.
  1365 | D:2      | Found a glowing golden altar of the Shining One.
  1366 | D:2      | Found a shimmering blue altar of Sif Muna.
  1366 | D:2      | Found a snail-covered altar of Cheibriados.
  1375 | D:2      | Fell from the grace of Elyvilon
  1375 | D:2      | Became a worshipper of Makhleb the Destroyer
  1959 | D:3      | Found a faded altar of an unknown god.
  2406 | D:3      | Reached XP level 5. HP: 30/51 MP: 5/5
  2488 | D:3      | Reached skill level 5 in Fighting
  2495 | D:4      | Was forgiven by Elyvilon
  2495 | D:4      | Reached skill level 5 in Axes
  2564 | D:4      | Reached XP level 6. HP: 14/61 MP: 6/6
  2667 | D:4      | Noticed a sky beast
  2774 | D:4      | Noticed Eustachio
  2787 | D:4      | Killed Eustachio
  2880 | D:4      | HP: 3/62 [iguana (4)]
  2908 | D:5      | Entered Level 5 of the Dungeon
  2908 | D:5      | Noticed a sky beast
  2930 | D:4      | HP: 1/62 [phantom (1)]
  2932 | D:4      | Slain by a phantom

Skill      XL: |  1  2  3  4  5  6 |
---------------+-------------------+-----
Axes           | 3 4 5 6 |  6.0
Fighting       | 4 5 6 |  6.0
Armour         | |  3.2
Shields        | |  3.2

Action                   |  1- 3 |  4- 6 || total
-------------------------+-------+-------++-------
Melee: War axe           |   100 |   178 ||   278
Invok: Lesser Healing    |       |     4 ||     4
  Use: Potion            |       |     8 ||     8
       Scroll            |       |     3 ||     3
  Eat: Chunk             |     3 |    13 ||    16
Armor: Scale mail        |    46 |   124 ||   170
Dodge: Dodged            |    58 |   106 ||   164
